 Dungeon Crawl Stone Soup version 0.32-a0-747-gc8563f6773 (webtiles) character file.

Game seed: 8609539498205284675

114257 croobank the Thaumaturge (level 16, 0/126 HPs)
             Began as a Gnoll Ice Elementalist on Mar 16, 2024.
             Was an Elder of Ashenzari.
             Slain by a wolf spider simulacrum (6 damage)
             ... on level 3 of the Lair of Beasts on Mar 17, 2024.
             The game lasted 02:35:24 (34061 turns).

croobank the Thaumaturge (Gnoll Ice Elementalist)  Turns: 34061, Time: 02:35:25

Health: 0/126      AC: 31    Str:  9    XL:     16   Next: 65%
Magic:  25/41      EV: 12    Int: 21    God:    Ashenzari [****..]
Gold:   2606       SH: 17    Dex: 13    Spells: 5/39 levels left

rFire   . . .        a - +9 quick blade
rCold   . . .        u - +5 kite shield of the Cursed Seeker {Range, Dev} (curse)
rNeg    . . .        W - +4 ring mail "Prophetic Sophism" {Sorc, Elem} (curse)
rPois   .            w - +0 helmet of the Fated Loss {SInv, Comp, Dev} (curse)
rElec   .            V - scarf {harm}
rCorr   .            Q - +2 pair of gloves "I Foresaw This" {Range, Dev} (curse)
SInv    +            U - +2 pair of boots of Ashenzari's Annoyance {Bglg, Fort} (curse)
Will    +....        O - amulet of regeneration
Stlth   ++++         L - ring of magical power
HPRegen 1.21/turn    z - ring of Panopticon {AC+4, Melee, Sorc} (curse)
MPRegen 0.27/turn

%: harm (+30% outgoing, +20% incoming), clarity
@: lethally poisoned (0 -> -8), ice-armoured, freezing walls, studying Fire
Magic
A: fangs 1, strong nose, distributed training
a: Renounce Religion, Curse Item, Shatter the Chains


You were on level 3 of the Lair of Beasts.
You worshipped Ashenzari.
Ashenzari was greatly pleased with you.
You visited 6 branches of the dungeon, and saw 25 of its levels.
You also visited: Bailey and Volcano.

You collected 2606 gold pieces.

Inventory:

Hand Weapons
 a - a +9 quick blade (weapon)
 c - a +7 long sword
 F - the +9 short sword "Xorphiyr" {freeze, *Rage Will+ Str+3}
   (You found it on level 15 of the Dungeon)

   Str+3:     It affects your strength (+3).
   Will+:     It increases your willpower.
   *Rage:     It berserks you when you make melee attacks (+20% chance).
Missiles
 B - 6 darts of dispersal
 J - 6 throwing nets (quivered)
Armour
 u - the cursed +5 kite shield of the Cursed Seeker (worn) {Range, Dev}
   (You found it on level 3 of the Dungeon)

   It has a curse which improves the following skills: Ranged Combat: Ranged
   Weapons and Throwing.
   Devices:   Evocations and Shapeshifting.
 w - the cursed +0 helmet of the Fated Loss (worn) {SInv, Comp, Dev}
   (You found it on level 12 of the Dungeon)

   It has a curse which improves the following skills: Companions: Summonings
   and Necromancy.
   Devices:   Evocations and Shapeshifting.
 Q - the cursed +2 pair of gloves "I Foresaw This" (worn) {Range, Dev}
   (You found it on level 7 of the Dungeon)

   It has a curse which improves the following skills: Ranged Combat: Ranged
   Weapons and Throwing.
   Devices:   Evocations and Shapeshifting.
 U - the cursed +2 pair of boots of Ashenzari's Annoyance (worn) {Bglg, Fort}
   (You found it on level 5 of the Lair of Beasts)

   It has a curse which improves the following skills: Beguiling: Hexes and
   Translocations.
   Fortitude: Armour and Shields.
 V - a scarf of harm (worn)
 W - the cursed +4 ring mail "Prophetic Sophism" (worn) {Sorc, Elem}
   (You took it off an orc on level 8 of the Dungeon)

   It has a curse which improves the following skills: Sorcery: Conjurations and
   Alchemy.
   Elements:  Fire Magic, Ice Magic, Air Magic and Earth Magic.
Magical Staves
 m - the staffcold "Murmur" {rF+ rC+ Dex+4 Stlth- Ice}
   (You acquired it on level 4 of the Dungeon)

   [staff of cold]

   Base accuracy: +5 Base damage: 5 Base attack delay: 1.2 This weapon's minimum
   attack delay (0.6) is reached at skill level 12.
   Dex+4:     It affects your dexterity (+4).
   rF+:       It protects you from fire.
   rC+:       It protects you from cold.
   Stlth-:    It makes you less stealthy.
   Ice:       It increases the power of your Ice spells.
   It falls into the 'Staves' category.
   It is a one-handed weapon.
Jewellery
 n - a ring of protection from fire
 o - a +6 ring of strength
 s - the ring "Ruenurim" {rElec rC+ Str-3 Int+6}
   (You found it on level 5 of the Lair of Beasts)

   [ring of protection from cold]

   Str-3:     It affects your strength (-3).
   Int+6:     It affects your intelligence (+6).
   rC+:       It protects you from cold.
   rElec:     It insulates you from electricity.
 v - a +6 ring of dexterity
 z - the cursed ring of Panopticon (right hand) {AC+4, Melee, Sorc}
   (You found it on level 4 of the Dungeon)

   [ring of protection]

   AC+4:      It affects your AC (+4).
   It has a curse which improves the following skills: Melee Combat: Short
   Blades, Long Blades, Axes, Maces & Flails, Polearms, Staves and Unarmed
   Combat.
   Sorcery:   Conjurations and Alchemy.
 C - a ring of ice
 H - the amulet of Daic {Acrobat Dex+2}
   (You found it on level 2 of the Lair of Beasts)

   [amulet of the acrobat]

   Acrobat:   It increases your evasion while moving and waiting.
   Dex+2:     It affects your dexterity (+2).
 I - a ring of fire
 L - a ring of magical power (left hand)
 O - an amulet of regeneration (around neck)
 T - a +4 ring of protection
Talismans
 x - a beast talisman
 y - a flux talisman
 D - a granite talisman
Wands
 f - a wand of quicksilver (17)
 g - a wand of digging (3)
 i - a wand of polymorph (2)
 k - a wand of iceblast (28)
 R - a wand of charming (1)
 S - a wand of flame (29)
Scrolls
 d - 5 scrolls of fear
 h - 4 scrolls of revelation
 l - a scroll of amnesia
 p - 3 scrolls of noise
 r - a scroll of immolation
 E - 2 scrolls of vulnerability
 G - a scroll of silence
 Z - 5 scrolls of teleportation
Potions
 b - 3 potions of magic
 e - 3 potions of lignification
 j - 5 potions of enlightenment
 q - 5 potions of mutation
 t - a potion of might
 A - 4 potions of brilliance
 K - a potion of attraction
 M - 7 potions of heal wounds
 N - 3 potions of cancellation
 P - 9 potions of curing
 X - 4 potions of haste
 Y - a potion of invisibility


   Skills:
 + Level 11.4 Fighting
 + Level 11.4(13.2) Short Blades
 + Level 11.4(13.2) Long Blades
 + Level 11.4(13.2) Axes
 + Level 11.4(13.2) Maces & Flails
 + Level 11.4(13.2) Polearms
 + Level 11.4(13.2) Staves
 + Level 11.4(14.1) Ranged Weapons
 + Level 11.4(14.1) Throwing
 + Level 11.4(13.2) Armour
 + Level 12.3 Dodging
 + Level 12.1 Stealth
 + Level 11.4(13.2) Shields
 + Level 11.4(13.2) Unarmed Combat
 + Level 12.4 Spellcasting
 + Level 9.6(12.3) Conjurations
 + Level 9.6(11.5) Hexes
 + Level 9.6(11.5) Summonings
 + Level 9.6(11.5) Necromancy
 + Level 9.6(11.5) Translocations
 + Level 12.4(14.2) Fire Magic
 + Level 11.9(13.7) Ice Magic
 + Level 9.6(11.5) Air Magic
 + Level 9.6(11.5) Earth Magic
 + Level 9.6(12.3) Alchemy
 + Level 12.4 Invocations
 + Level 11.4(15.0) Evocations
 + Level 10.5(14.1) Shapeshifting


You had 5 spell levels left.
You knew the following spells:

 Your Spells              Type           Power      Damage    Failure   Level
a - Freeze                Ice            100%       1d10      1%          1
b - Frozen Ramparts       Ice            100%       1d16      1%          3
c - Ozocubu's Armour      Ice            63%        N/A       1%          3
d - Summon Ice Beast      Ice/Summ       60%        N/A       1%          3
e - Fugue of the Fallen   Necr           57%        N/A       1%          3
f - Airstrike             Air            28%        2d(5-21)  2%          4
g - Swiftness             Air            57%        N/A       1%          3
h - Apportation           Tloc           100%       N/A       1%          1
A - Animate Dead          Necr           57%        N/A       2%          4
N - Anguish               Hex/Necr       28%        N/A       2%          4
Y - Yara's Violent Unrav  Hex/Alch       29%        3d12      5%          5

Your spell library contained the following spells:

 Spells                   Type           Power      Damage    Failure   Level
 Sandblast                Erth           100%       2d20      1%          1
 Shock                    Conj/Air       100%       1d9       1%          1
 Sting                    Conj/Alch      100%       1d9       1%          1
 Call Imp                 Summ           100%       N/A       1%          2
 Ensorcelled Hibernation  Hex/Ice        100%       N/A       1%          2
 Jinxbite                 Hex            100%       N/A       1%          2
 Mercury Vapours          Alch/Air       100%       N/A       1%          2
 Sublimation of Blood     Necr           57%        N/A       1%          2
 Gell's Gravitas          Tloc           57%        N/A       1%          3
 Passwall                 Erth           57%        N/A       1%          3
 Stone Arrow              Conj/Erth      100%       3d13      1%          3
 Teleport Other           Tloc           57%        N/A       1%          3
 Tukima's Dance           Hex            57%        N/A       1%          3
 Brom's Barrelling Bould  Conj/Erth      58%        2d7       1%          4
 Iskenderun's Mystic Bla  Conj/Tloc      58%        2d12      1%          4
 Olgreb's Toxic Radiance  Alch           60%        N/A       1%          4
 Animate Armour           Summ/Erth      100%       N/A       2%          4
 Dimensional Bullseye     Hex/Tloc       28%        N/A       2%          4
 Manifold Assault         Tloc           57%        N/A       2%          4
 Alistair's Intoxication  Alch           40%        N/A       4%          5
 Iskenderun's Battlesphe  Conj           60%        2d11      4%          5
 Bombard                  Conj/Erth      29%        9d5       30%         6
 Dispersal                Tloc           28%        N/A       36%         6
 Spellforged Servitor     Conj/Summ      29%        N/A       86%         7
 Enfeeble                 Hex            28%        N/A       90%         7
 Haunt                    Necr/Summ      28%        N/A       90%         7
 Malign Gateway           Summ/Tloc      28%        N/A       90%         7
 Summon Hydra             Summ           28%        N/A       90%         7
 Infestation              Necr           28%        N/A       100%        8
 Lehudib's Crystal Spear  Conj/Erth      29%        10d8      100%        8
 Summon Horrible Things   Summ           28%        N/A       100%        8
 Chain Lightning          Conj/Air       29%        3d38      100%        9
 Fire Storm               Conj/Fire      31%        8d8       100%        9
 Shatter                  Erth           28%        3d24*     100%        9


Dungeon Overview and Level Annotations

Branches:
Dungeon (15/15)            Temple (1/1) D:6            Lair (5/5) D:8
 Shoals (0/4) Lair:3       Spider (1/4) Lair:3        Slime (0/5) Lair:5
    Orc (2/2) D:11            Elf (1/3) Orc:2        Vaults (0/5) D:14
 Depths (0/4) D:15         Bailey (visited)         Volcano (visited)

Altars:
Ashenzari
Cheibriados
Dithmenos
Elyvilon
Fedhas
Gozag
Hepliaklqana
Kikubaaqudgha
Makhleb
Nemelex Xobeh
Okawaru
Qazlal
Ru
Sif Muna
Trog
Uskayaw
Vehumet
Wu Jian
Xom
Yredelemnul
Zin
The Shining One
Beogh
Jiyva

Shops:
D:13 *   Orc:2 (((   Elf:1 :

Portals:
Trove: D:11 (give 5 potions of resistance)

Annotations:
D:13 1 runed translucent door, Diulaw's ghost, journeyman TeSu
Lair:2 exclusion: oklob plant
Elf:1 Azrael


Innate Abilities, Weirdness & Mutations

You have very sharp teeth.
Your uncanny sense of smell can sniff out nearby items.
Your experience applies equally to all skills.


Message History

You block the tarantella's attack.
The wall freezes the redback.
You kill the redback!
A freezing mist starts to gather...
A redback simulacrum and 2 wolf spider simulacra come into view.
Casting: Frozen Ramparts (safe; 1% risk of failure)
Confirm with . or Enter, or press ? or * to list all spells.
A film of ice covers your body!
You feel very sick.
The wall freezes the tarantella.
You block the tarantella's attack.
The redback simulacrum completely resists.
The wall freezes the redback simulacrum but does no damage.
The wolf spider simulacrum completely resists.
The wall freezes the wolf spider simulacrum but does no damage.
The wolf spider simulacrum completely resists.
The wall freezes the wolf spider simulacrum but does no damage.
The wolf spider simulacrum hits you. The wolf spider simulacrum freezes you!
You block the wolf spider simulacrum's attack.
You are too injured to fight recklessly!
You are too injured to fight recklessly!
You are too injured to fight recklessly!
You are too injured to fight recklessly!
You are too injured to fight recklessly!
You puncture the tarantella!
You kill the tarantella!
A freezing mist starts to gather...
A tarantella simulacrum comes into view.
You feel very sick.
The wolf spider simulacrum completely resists.
The wall freezes the wolf spider simulacrum but does no damage.
The wolf spider simulacrum hits you!
* * * LOW HITPOINT WARNING * * *
The wolf spider simulacrum freezes you!!
* * * LOW HITPOINT WARNING * * *
You block the wolf spider simulacrum's attack.
The redback simulacrum completely resists.
The wall freezes the redback simulacrum but does no damage.
The wolf spider simulacrum completely resists.
The wall freezes the wolf spider simulacrum but does no damage.
The wolf spider simulacrum hits you.
You die...

###.## #####..#.P# ####
#..# #....## P#.#
#..### #####..#.##
(.#####...###...P.....#
..#.#PP..............##
...................###
P.....#..##.###.#.#.#
..##.#..#.##..##Z..##
.............Z.Z@.##
........P.P##..#Z.#
###..####P#######.#
#### ### ###


You could see 2 wolf spider simulacra, a tarantella simulacrum and a redback
simulacrum.

Vanquished Creatures
  2 fire dragons (Volcano)
  Fannar (Lair:1)
  5 hydras
  Harold (Lair:1)
  6 centaur warriors
  A catoblepas (Lair:5)
  Erica (Lair:2)
  An ogre mage (D:15)
  3 death knights (D:14)
  A dancing weapon (Elf:1)
  3 hell hogs (Volcano)
  7 two-headed ogres
  5 tengu warriors
  14 death yaks
  A deep troll shaman (Lair:5)
  4 boulder beetles
  An occultist (D:15)
  6 orc high priests
  2 skysharks
  A fire crab (Volcano)
  A pharaoh ant (Spider:1)
  7 skeletal warriors
  An arcanist (D:14)
  3 lindwurms
  A swamp dragon (Lair:2)
  Pikel (D:7)
  2 thermic dynamos (Elf:1)
  A steelbarb worm (shapeshifter) (D:12)
  2 necromancers (D:15)
  A phantasmal warrior (D:13)
  2 wolf spiders (Lair:3)
  A deep elf zephyrmancer (Elf:1)
  12 ugly things
  3 oklob plants (Lair:5)
  6 orc knights
  4 orc sorcerers
  3 meliai (D:14)
  3 cyclopes
  3 kobold blastminers (Orc:2)
  5 black mambas
  14 elephants
  A torpor snail (Lair:1)
  12 cane toads
  A gargoyle (D:13)
  An unseen horror (D:11)
  4 rime drakes
  10 komodo dragons
  5 freezing wraiths
  3 polar bears
  4 trolls
  A raiju (shapeshifter) (D:13)
  A tarantella (Lair:3)
  3 dream sheep (Lair:5)
  17 blink frogs
  3 slime creatures (D:13)
  5 wraiths
  4 fire bats (Volcano)
  5 wargs
  21 yaks
  4 steam dragons
  3 basilisks
  7 vampire mosquitoes
  2 redbacks
  5 wyverns
  A harpy simulacrum (D:15)
  2 nagas (D:13)
  A naga (shapeshifter) (D:14)
  3 acid dragons
  7 water moccasins
  8 hell hounds (Volcano)
  38 orc warriors
  2 sky beasts
  3 black bears
  10 centaurs
  5 ogres
  14 wolves
  A phantom (D:5)
  2 lemures
  A kobold brigand (D:8)
  17 bullfrogs
  A gnoll sergeant (D:9)
  3 scorpions
  7 wights
  5 killer bees (D:8)
  An electric eel (Lair:3)
  5 howler monkeys
  3 bombardier beetles
  5 hounds
  A jelly (D:4)
  23 orc priests
  2 gnoll boudas
  4 iguanas
  15 orc wizards
  A hell rat (D:8)
  23 gnolls
  10 adders
  3 river rats (D:8)
  2 shadow imps
  3 white imps
  3 dart slugs
  103 orcs
  5 ball pythons
  2 bats
  8 endoplasms
  2 giant cockroaches
  7 goblins
  7 hobgoblins
  A quokka (D:4)
  2 frilled lizards (D:3)
  14 kobolds
  7 rats
657 creatures vanquished.

Vanquished Creatures (collateral kills)
  A stone giant (D:15)
  A catoblepas (D:15)
  A tengu warrior (D:14)
  A two-headed ogre (D:9)
  An orc high priest (Orc:2)
  A skeletal warrior (D:14)
  2 orc knights
  A deep elf pyromancer (Elf:1)
  An ugly thing (D:13)
  Psyche (D:8)
  A hornet (D:11)
  A dream sheep (Lair:5)
  Grum (Lair:1)
  A steam dragon (D:8)
  2 orc warriors
  An ogre (Orc:2)
  A wolf (Lair:1)
  A gnoll sergeant (D:8)
  2 wights (D:9)
  A killer bee (D:8)
  A bombardier beetle (D:6)
  An orc priest (D:9)
  5 orc wizards
  6 gnolls
  A white imp (D:4)
  A ribbon worm (D:4)
  8 orcs
  2 goblins (D:10)
  A hobgoblin (D:4)
49 creatures vanquished.

Vanquished Creatures (others)
  A two-headed ogre (D:15)
  A deep elf knight (Elf:1)
  4 deep elf zephyrmancers (Elf:1)
  A deep elf archer (Elf:1)
  2 deep elf pyromancers (Elf:1)
  A warg (Elf:1)
  A human zombie (D:14)
  An orc warrior (Orc:2)
  6 elf zombies (Elf:1)
  An orc priest (Elf:1)
  An orc wizard (D:8)
  6 orc zombies (Elf:1)
  2 orcs (Elf:1)
  A kobold (D:8)
29 creatures vanquished.

Grand Total: 735 creatures vanquished

Notes
Turn   | Place    | Note
-------+----------+-------------------------------------------
     0 | D:1      | croobank the Gnoll Ice Elementalist began the quest for the
                  | Orb.
     0 | D:1      | Reached XP level 1. HP: 13/13 MP: 6/6
   294 | D:1      | Reached XP level 2. HP: 19/19 MP: 7/7
   842 | D:2      | Reached skill level 5 in Spellcasting
   842 | D:2      | Reached XP level 3. HP: 23/25 MP: 4/9
   846 | D:2      | Learned a level 3 spell: Frozen Ramparts
  1135 | D:2      | Reached skill level 1 in Invocations
  1266 | D:2      | Reached skill level 1 in Fighting
  1266 | D:2      | Reached skill level 1 in Short Blades
  1266 | D:2      | Reached skill level 1 in Long Blades
  1266 | D:2      | Reached skill level 1 in Axes
  1266 | D:2      | Reached skill level 1 in Maces & Flails
  1266 | D:2      | Reached skill level 1 in Polearms
  1266 | D:2      | Reached skill level 1 in Staves
  1266 | D:2      | Reached skill level 1 in Ranged Weapons
  1266 | D:2      | Reached skill level 1 in Throwing
  1266 | D:2      | Reached skill level 1 in Armour
  1266 | D:2      | Reached skill level 1 in Shields
  1266 | D:2      | Reached skill level 1 in Unarmed Combat
  1266 | D:2      | Reached skill level 1 in Evocations
  1533 | D:2      | Reached skill level 1 in Shapeshifting
  1533 | D:2      | Reached XP level 4. HP: 32/32 MP: 11/11
  1562 | D:2      | Learned a level 3 spell: Ozocubu's Armour
  1868 | D:3      | Found a hide-covered altar of Uskayaw.
  1889 | D:3      | Reached skill level 1 in Conjurations
  1889 | D:3      | Reached skill level 1 in Hexes
  1889 | D:3      | Reached skill level 1 in Summonings
  1889 | D:3      | Reached skill level 1 in Necromancy
  1889 | D:3      | Reached skill level 1 in Translocations
  1889 | D:3      | Reached skill level 1 in Fire Magic
  1889 | D:3      | Reached skill level 1 in Air Magic
  1889 | D:3      | Reached skill level 1 in Earth Magic
  1889 | D:3      | Reached skill level 1 in Alchemy
  2056 | D:3      | Reached XP level 5. HP: 22/37 MP: 1/12
  2905 | D:4      | Learned a level 3 spell: Summon Ice Beast
  3037 | D:4      | Reached XP level 6. HP: 44/44 MP: 14/14
  3277 | D:4      | Reached skill level 5 in Dodging
  3396 | D:4      | Found a basalt altar of Yredelemnul.
  3620 | D:4      | Found a burning altar of Makhleb.
  3620 | D:4      | Found an iron altar of Okawaru.
  3628 | D:4      | Found a sacrificial altar of Ru.
  3630 | D:4      | Found a shadowy altar of Dithmenos.
  3632 | D:4      | Found a shimmering altar of Xom.
  3776 | D:4      | Found a blossoming altar of Fedhas.
  3938 | D:4      | Identified a scroll of acquirement
  3938 | D:4      | Acquired the staffcold "Murmur" {rF+ rC+ Dex+4 Stlth- Ice}
  3965 | D:5      | Entered Level 5 of the Dungeon
  4130 | D:5      | Reached XP level 7. HP: 39/51 MP: 9/15
  4721 | D:5      | Reached skill level 5 in Stealth
  6089 | D:6      | Noticed a steam dragon
  6102 | D:6      | Killed a steam dragon
  6103 | D:6      | Reached XP level 8. HP: 56/58 MP: 5/16
  6966 | D:6      | Found a glowing silver altar of Zin.
  6966 | D:6      | Found a glowing golden altar of the Shining One.
  6966 | D:6      | Found a white marble altar of Elyvilon.
  7114 | D:6      | Found a staircase to the Ecumenical Temple.
  7123 | Temple   | Entered the Ecumenical Temple
  7144 | Temple   | Became a worshipper of Ashenzari the Shackled
  7326 | D:7      | Found a sparkling altar of Nemelex Xobeh.
  7388 | D:7      | Noticed Pikel
  7739 | D:7      | Reached XP level 9. HP: 65/65 MP: 2/18
  7755 | D:7      | Killed Pikel
  7953 | D:7      | Reached skill level 5 in Invocations
  9196 | D:7      | Found an ancient bone altar of Kikubaaqudgha.
 10655 | D:8      | Reached skill level 5 in Fighting
 10655 | D:8      | Reached skill level 5 in Short Blades
 10655 | D:8      | Reached skill level 5 in Long Blades
 10655 | D:8      | Reached skill level 5 in Axes
 10655 | D:8      | Reached skill level 5 in Maces & Flails
 10655 | D:8      | Reached skill level 5 in Polearms
 10655 | D:8      | Reached skill level 5 in Staves
 10655 | D:8      | Reached skill level 5 in Ranged Weapons
 10655 | D:8      | Reached skill level 5 in Throwing
 10655 | D:8      | Reached skill level 5 in Armour
 10655 | D:8      | Reached skill level 5 in Shields
 10655 | D:8      | Reached skill level 5 in Unarmed Combat
 10655 | D:8      | Reached skill level 5 in Evocations
 10655 | D:8      | Reached XP level 10. HP: 67/74 MP: 4/20
 10843 | D:8      | Found a staircase to the Lair.
 10843 | D:8      | Noticed Psyche
 10857 | D:8      | Killed Psyche
 11070 | D:8      | Reached skill level 5 in Shapeshifting
 11281 | D:8      | Reached * piety under Ashenzari
 11345 | D:8      | Found a radiant altar of Vehumet.
 11523 | D:9      | Noticed a two-headed ogre
 11527 | D:9      | Killed a two-headed ogre
 11961 | D:9      | Found a shimmering blue altar of Sif Muna.
 11963 | D:9      | Found a bloodstained altar of Trog.
 12136 | D:9      | Reached ** piety under Ashenzari
 12842 | D:10     | Entered Level 10 of the Dungeon
 12923 | D:10     | Found a flagged portal.
 13002 | Bailey   | Entered a bailey
 13101 | Bailey   | Learned a level 3 spell: Fugue of the Fallen
 13219 | Bailey   | Reached skill level 5 in Conjurations
 13219 | Bailey   | Reached skill level 5 in Hexes
 13219 | Bailey   | Reached skill level 5 in Summonings
 13219 | Bailey   | Reached skill level 5 in Necromancy
 13219 | Bailey   | Reached skill level 5 in Translocations
 13219 | Bailey   | Reached skill level 5 in Fire Magic
 13219 | Bailey   | Reached skill level 5 in Air Magic
 13219 | Bailey   | Reached skill level 5 in Earth Magic
 13219 | Bailey   | Reached skill level 5 in Alchemy
 13223 | Bailey   | Reached XP level 11. HP: 70/81 MP: 15/22
 13606 | Bailey   | Noticed an orc knight
 13675 | Bailey   | Noticed an orc knight
 13702 | Bailey   | Killed an orc knight
 13958 | Bailey   | Learned a level 4 spell: Airstrike
 13962 | Bailey   | Learned a level 3 spell: Swiftness
 13995 | Bailey   | Killed an orc knight
 14038 | Bailey   | Acquired a manual of Fire Magic
 14673 | D:10     | Noticed a two-headed ogre
 14679 | D:10     | Killed a two-headed ogre
 15269 | D:11     | Noticed a boulder beetle
 15286 | D:11     | Killed a boulder beetle
 15435 | D:11     | Noticed a five-headed hydra
 15448 | D:11     | Noticed a two-headed ogre
 15464 | D:11     | Killed a two-headed ogre
 15614 | D:11     | Found a staircase to the Orcish Mines.
 15683 | D:11     | Noticed a boulder beetle
 15707 | D:11     | Killed a boulder beetle
 15854 | D:11     | Found a portal to a secret trove of treasure.
 16233 | D:11     | Killed a five-headed hydra
 16234 | D:11     | Reached XP level 12. HP: 40/91 MP: 16/24
 16543 | D:12     | Noticed a seven-headed hydra
 16569 | D:12     | Reached *** piety under Ashenzari
 16687 | Lair:1   | Entered Level 1 of the Lair of Beasts
 16839 | Lair:1   | Noticed Harold
 16854 | Lair:1   | Noticed Fannar
 16865 | Lair:1   | Killed Fannar
 16896 | Lair:1   | Found a dark tunnel.
 16901 | Volcano  | Entered a volcano
 16967 | Volcano  | Found a large runed translucent door.
 16967 | Volcano  | Found a large runed translucent door.
 16967 | Volcano  | Found a large runed translucent door.
 16968 | Volcano  | Found a large runed translucent door.
 16970 | Volcano  | Noticed a fire dragon
 16977 | Volcano  | Noticed a hell hog
 17022 | Volcano  | Found a large runed translucent door.
 17022 | Volcano  | Found a large runed translucent door.
 17094 | Volcano  | Killed a hell hog
 17096 | Volcano  | Noticed a hell hog
 17101 | Volcano  | Killed a hell hog
 17111 | Volcano  | Found a large runed translucent door.
 17111 | Volcano  | Found a large runed translucent door.
 17116 | Volcano  | Killed a fire dragon
 17145 | Volcano  | Found a large runed translucent door.
 17146 | Volcano  | Found a large runed translucent door.
 17162 | Volcano  | Noticed a fire dragon
 17164 | Volcano  | Found a large runed translucent door.
 17164 | Volcano  | Found a large runed translucent door.
 17169 | Volcano  | Killed a fire dragon
 17182 | Volcano  | Noticed a hell hog
 17195 | Volcano  | Killed a hell hog
 17201 | Volcano  | Found a large runed translucent door.
 17201 | Volcano  | Found a large runed translucent door.
 17242 | Volcano  | Found a large runed translucent door.
 17243 | Volcano  | Found a large runed translucent door.
 17254 | Volcano  | Found a large runed translucent door.
 17255 | Volcano  | Found a large runed translucent door.
 17511 | Lair:1   | Noticed Grum
 17528 | Lair:1   | Killed Grum
 17619 | Lair:1   | You fall into a shaft and drop 1 floor!
 17728 | Lair:2   | Reached XP level 13. HP: 98/98 MP: 21/26
 17781 | Lair:2   | Noticed Erica
 17788 | Lair:2   | Killed Erica
 17793 | Lair:2   | Reached skill level 10 in Ice Magic
 18142 | Lair:2   | Identified the amulet of Daic {Acrobat Dex+2}
 18147 | Lair:2   | Learned a level 1 spell: Apportation
 19457 | Lair:1   | Killed Harold
 19911 | Lair:2   | Reached skill level 10 in Spellcasting
 20502 | Lair:3   | Found a hole to the Spider Nest.
 20919 | Lair:3   | Found a staircase to the Shoals.
 21209 | Lair:4   | Reached skill level 10 in Dodging
 21377 | Lair:4   | Reached skill level 10 in Stealth
 21545 | Lair:4   | Reached skill level 10 in Invocations
 21545 | Lair:4   | Reached XP level 14. HP: 108/108 MP: 22/28
 22194 | Lair:5   | Entered Level 5 of the Lair of Beasts
 22656 | Lair:5   | Reached skill level 10 in Fire Magic
 23443 | Lair:5   | Identified the ring "Ruenurim" {rElec rC+ Str-3 Int+6}
 23681 | Lair:5   | Found the +8 Wrath of Trog {antimagic, *Rage Rampage}
 23849 | Lair:5   | Found a viscous altar of Jiyva.
 23957 | Lair:5   | Reached **** piety under Ashenzari
 24062 | Lair:5   | Found a staircase to the Slime Pits.
 24326 | Orc:1    | Entered Level 1 of the Orcish Mines
 24408 | Orc:1    | Reached skill level 10 in Fighting
 24408 | Orc:1    | Reached skill level 10 in Short Blades
 24408 | Orc:1    | Reached skill level 10 in Long Blades
 24408 | Orc:1    | Reached skill level 10 in Axes
 24408 | Orc:1    | Reached skill level 10 in Maces & Flails
 24408 | Orc:1    | Reached skill level 10 in Polearms
 24408 | Orc:1    | Reached skill level 10 in Staves
 24408 | Orc:1    | Reached skill level 10 in Ranged Weapons
 24408 | Orc:1    | Reached skill level 10 in Throwing
 24408 | Orc:1    | Reached skill level 10 in Armour
 24408 | Orc:1    | Reached skill level 10 in Shields
 24408 | Orc:1    | Reached skill level 10 in Unarmed Combat
 24408 | Orc:1    | Reached skill level 10 in Evocations
 24590 | Orc:1    | Found a roughly hewn altar of Beogh.
 24689 | Orc:2    | Entered Level 2 of the Orcish Mines
 24981 | Orc:2    | Reached XP level 15. HP: 111/115 MP: 10/30
 25297 | Orc:1    | Paralysed by an orc sorcerer for 3 turns
 25916 | Orc:2    | Found a staircase to the Elven Halls.
 26576 | Orc:2    | Found Reczuuv's Jewellery Boutique.
 26578 | Orc:2    | Found Korchout's Antique Weapon Boutique.
 26582 | Orc:2    | Found Voytzeni's Antique Weapon Shop.
 26583 | Orc:2    | Found Qousicist's Weapon Boutique.
 26766 | D:12     | Identified the +8 mace of the Big Fish {freeze, *Rage rN++
                  | Dex+4}
 28017 | D:13     | Found Riph's Serpentskin Sales.
 28375 | D:13     | Found a runed translucent door.
 28375 | D:13     | Found a shimmering altar of Xom.
 28375 | D:13     | Noticed Diulaw's ghost (journeyman TeSu)
 28500 | D:13     | Identified the +7 trident "Jomosit" {elec, Stlth+}
 29427 | D:14     | Learned a level 4 spell: Anguish
 29432 | D:14     | Learned a level 4 spell: Animate Dead
 29914 | D:14     | Found a snail-covered altar of Cheibriados.
 30792 | D:14     | Reached skill level 10 in Shapeshifting
 30809 | D:14     | Found a gate to the Vaults.
 31395 | D:14     | Reached XP level 16. HP: 124/124 MP: 27/32
 31470 | D:15     | Entered Level 15 of the Dungeon
 32419 | D:15     | Identified the +9 short sword "Xorphiyr" {freeze, *Rage
                  | Will+ Str+3}
 32801 | D:15     | Found a staircase to the Depths.
 33322 | D:15     | Upgraded the game from 0.32-a0-732-ga344392067 to
                  | 0.32-a0-747-gc8563f6773
 33445 | Orc:2    | Learned a level 5 spell: Yara's Violent Unravelling
 33446 | Elf:1    | Entered Level 1 of the Elven Halls
 33657 | Elf:1    | Found Hojaok's Book Boutique.
 33658 | Elf:1    | Noticed Azrael
 34051 | Spider:1 | Entered Level 1 of the Spider Nest
 34061 | Lair:3   | HP: 6/126 [wolf spider simulacrum (28)]
 34061 | Lair:3   | Slain by a wolf spider simulacrum

Illustrated notes

Levels and vault maps discovered:
D:1:      dpeg_arrival_round_b, layout_loops_ring, kennysheep_another_room
D:2:      layout_basic
D:3:      layout_loops_cross, nicolae_uskayaw_murder_on_the_dancefloor,
          minmay_between
D:4:      layout_basic, mainiacjoe_overflow_catwalk, fedhas_altar_decomposition,
          chequers_temple_overflow_minitemple, minmay_gold_behind_fungi
D:5:      layout_layer_cave
D:6:      layout_layer_cave, dreamdust_divine_triumvirate,
          minmay_temple_entry_poolview
D:7:      hangedman_cross_stitches, layout_gridville,
          mainiacjoe_overflow_cross_hatched, nemelex_dance_club_becter,
          minmay_misc_feat_chi, st_stairs_7, chequers_serial_rivers_room_b,
          uniq_pikel
D:8:      layout_rooms, mainiacjoe_overflow_brackets, dpeg_lair_monsters,
          uniq_psyche
D:9:      layout_irregular_city, hellmonk_overflow_destroyed_library,
          serial_glass, glass_columns_c, glass_columns_c,
          nicolae_figureground_pulse
D:10:     layout_grid_maze, lightli_bailey_entry_fortress
D:11:     layout_loops_cross, orc_0_dummy, enter_trove_6, serial_park_tiny_2
D:12:     layout_gridville, minmay_radiant
D:13:     layout_basic, ebering_ghost_xom, guppyfry_shop_venom
D:14:     layout_loops_ring, david_vaults_4, lemuel_crystal_altar
D:15:     hangedman_depths_entry_civil_slaughter, layout_loops_ring
Temple:   nicolae_temple_ecumenical_triangle
Lair:1:   layout_regular_city, enter_volcano_1, lemuel_fruit_tree, uniq_harold,
          uniq_fannar, uniq_grum
Lair:2:   layout_long_grid, minmay_lair_oklob_items, serial_bayou_pond_c, pond,
          uniq_erica
Lair:3:   layout_loops_ring, elwin_shoals_entry_rooms, dummy_spider_entry
Lair:4:   layout_roguey
Lair:5:   grunt_lair_end_beastmaster, layout_loops_ring,
          minmay_slime_entry_oklob_enclosed, grunt_megastairs_2
Spider:1: layout_spider_delve
Orc:1:    layout_caves, basic_altar, serial_shops
Orc:2:    st_orc_pillars, layout_diamond_mine
Elf:1:    eino_elf_arrival_shootout, layout_loops_corners, serial_shops,
          nicolae_book_shop_shelving, hangedman_elf_disciples,
          onia_ninara_cookie, uniq_azrael

Skill      XL: |  1  2  3  4  5  6  7  8  9 10 11 12 13 14 15 16 |
---------------+-------------------------------------------------+-----
Spellcasting   | 5 6 7 8 9 10 11 12 | 12.4
Invocations    | 1 2 3 4 5 6 7 8 10 11 12 | 12.4
Fighting       | 1 2 3 5 6 7 8 9 10 11 | 11.4
Short Blades   | 1 2 3 5 6 7 8 9 10 11 | 11.4
Long Blades    | 1 2 3 5 6 7 8 9 10 11 | 11.4
Axes           | 1 2 3 5 6 7 8 9 10 11 | 11.4
Maces & Flails | 1 2 3 5 6 7 8 9 10 11 | 11.4
Polearms       | 1 2 3 5 6 7 8 9 10 11 | 11.4
Staves         | 1 2 3 5 6 7 8 9 10 11 | 11.4
Ranged Weapons | 1 2 3 5 6 7 8 9 10 11 | 11.4
Throwing       | 1 2 3 5 6 7 8 9 10 11 | 11.4
Armour         | 1 2 3 5 6 7 8 9 10 11 | 11.4
Shields        | 1 2 3 5 6 7 8 9 10 11 | 11.4
Unarmed Combat | 1 2 3 5 6 7 8 9 10 11 | 11.4
Evocations     | 1 2 3 5 6 7 8 9 10 11 | 11.4
Shapeshifting  | 1 2 3 4 5 6 7 8 9 10 | 10.5
Conjurations   | 1 2 3 4 5 6 7 8 9 |  9.6
Hexes          | 1 2 3 4 5 6 7 8 9 |  9.6
Summonings     | 1 2 3 4 5 6 7 8 9 |  9.6
Necromancy     | 1 2 3 4 5 6 7 8 9 |  9.6
Translocations | 1 2 3 4 5 6 7 8 9 |  9.6
Fire Magic     | 1 2 3 4 5 6 7 9 10 11 12 | 12.4
Air Magic      | 1 2 3 4 5 6 7 8 9 |  9.6
Earth Magic    | 1 2 3 4 5 6 7 8 9 |  9.6
Alchemy        | 1 2 3 4 5 6 7 8 9 |  9.6
Dodging        | 5 6 7 8 9 10 11 12 | 12.3
Stealth        | 5 6 7 8 9 10 11 12 | 12.1
Ice Magic      | 8 9 10 11 | 11.9

Action                     |  1- 3 |  4- 6 |  7- 9 | 10-12 | 13-15 | 16-18 || total
---------------------------+-------+-------+-------+-------+-------+-------++-------
  Melee: Dagger            |    19 |   106 |    10 |       |       |       ||   135
         Bite              |     3 |    19 |    17 |    55 |   287 |    55 ||   436
         Staff             |       |    11 |    90 |    69 |       |       ||   170
         Long sword        |       |       |       |    41 |       |       ||    41
         Quick blade       |       |       |       |   212 |  1562 |   334 ||  2108
         Unarmed           |       |       |       |       |   130 |       ||   130
  Throw: Dart              |       |       |       |    10 |     4 |       ||    14
         Throwing net      |       |       |       |     1 |     4 |       ||     5
   Cast: Freeze            |    14 |     9 |    59 |    26 |     5 |       ||   113
         Frozen Ramparts   |     4 |    23 |    46 |    60 |   126 |     9 ||   268
         Ozocubu's Armour  |       |    18 |    44 |    51 |   105 |     9 ||   227
         Summon Ice Beast  |       |     2 |    12 |    36 |    23 |     6 ||    79
         Airstrike         |       |       |       |    12 |    27 |    21 ||    60
         Fugue of the Fall |       |       |       |     1 |       |     1 ||     2
         Apportation       |       |       |       |       |     5 |       ||     5
         Anguish           |       |       |       |       |     2 |    14 ||    16
         Animate Dead      |       |       |       |       |     2 |     2 ||     4
 Invoke: Curse Item        |       |       |     1 |     4 |     1 |       ||     6
  Evoke: Wand              |       |     1 |     1 |     3 |    11 |     3 ||    19
    Use: Scroll            |       |     6 |     4 |    15 |     9 |       ||    34
         Potion            |       |       |     6 |     8 |     5 |     4 ||    23
   Stab: Sleeping          |    11 |     6 |     2 |     2 |    32 |     4 ||    57
         Invisible         |       |       |       |     6 |     7 |     4 ||    17
         Held in net/web   |       |       |       |     1 |     6 |       ||     7
         Distracted        |       |       |       |       |     4 |       ||     4
 Armour: Robe              |     9 |    38 |    20 |       |       |       ||    67
         Steam dragon scal |       |       |   106 |       |       |       ||   106
         Skin              |       |       |     3 |       |       |       ||     3
         Leather armour    |       |       |    36 |    16 |       |       ||    52
         Ring mail         |       |       |       |   227 |   402 |   105 ||   734
  Dodge: Dodged            |     8 |    41 |   182 |   193 |   269 |    56 ||   749
  Block: Kite shield       |       |       |       |   147 |   835 |   139 ||  1121

Table legend: (Time is in decaauts)
 A = Elapsed time spent in this place.
 B = Non-inter-level travel time spent in this place.
 C = Inter-level travel time spent in this place.
 D = Time resting spent in this place.
 E = Time spent auto-exploring this place.
 F = Levels seen in this place.
 G = Mean time per level.
                   A        B        C        D        E       F      G
               +--------+--------+--------+--------+--------+-----+--------+
         Total |  33856 |  32041 |   1815 |   6753 |  18011 |  27 | 1253.9 |
       Dungeon |  22259 |  21123 |   1136 |   4582 |  12646 |  15 | 1483.9 |
        Temple |     28 |     21 |      7 |      0 |      0 |   1 |   28.0 |
          Lair |   7177 |   6633 |    544 |    988 |   4142 |   5 | 1435.4 |
   Spider Nest |      8 |      8 |      0 |      0 |      0 |   1 |    8.0 |
  Orcish Mines |   2428 |   2301 |    127 |    305 |   1199 |   2 | 1214.0 |
   Elven Halls |    237 |    237 |      0 |     72 |     23 |   1 |  237.0 |
        Bailey |   1142 |   1142 |      0 |    646 |      0 |   1 | 1142.0 |
       Volcano |    574 |    574 |      0 |    159 |      0 |   1 |  574.0 |
               +--------+--------+--------+--------+--------+-----+--------+

Top non-repeatable levels by time:
     D:6: 2329 daAuts
    D:14: 2192 daAuts
     D:5: 1951 daAuts
    D:13: 1939 daAuts
  Lair:5: 1893 daAuts
     D:8: 1879 daAuts
  Lair:2: 1653 daAuts
   Orc:2: 1624 daAuts
  Lair:1: 1601 daAuts
    D:15: 1570 daAuts
     D:9: 1530 daAuts
    D:11: 1440 daAuts
     D:7: 1290 daAuts
    D:10: 1239 daAuts
  Bailey: 1142 daAuts
